[ AOE2 MATCH · #494492142 ]
UnrankedBohemians vs Bulgarians
Player's team · LOSS
[ REPLAY ANALYSIS · EXTRACTED FROM THE RECORDED GAME ]
Feudal
9:42
Castle
20:12
Imperial
34:21
| APM avg | 59.3 |
| APM peak | 95 |
| eAPM avg | 32.7 |
| Villagers / military | 184 / 151 |
Focus
⚔️ 40.7% · 🌾 59.3%
Spearman ×75 · Hand Cannoneer ×44 · Hussite Wagon ×11 · Monk ×9 · Archer ×7 · Battering Ram ×3
Feudal
11:58
Castle
19:06
Imperial
32:05
| APM avg | 42.4 |
| APM peak | 99 |
| eAPM avg | 25.7 |
| Villagers / military | 170 / 107 |
Focus
⚔️ 24.5% · 🌾 75.5%
Konnik ×101 · Militia ×3 · Trebuchet (Packed) ×3
Match map
Initial resources + every placement click. Lines = walls · curves = elevation contours. ◆ gold · ⬟ stone · ● berries · ✦ relic · ◌ wall gap
Your base· Open — opponent sealed themselves in
Lorenz's base· ✓ Closed at 19:06 · 25t walls · no gate
Smoothed initial terrain · ◌ = detected wall gap · hover for details
Inputs per minute
— jekyll - - Lorenz
Build order — jekyll
First 150 of 595 actions detected
| 0:01 | Create | Villager (Male) |
| 0:01 | Create | Villager (Male) |
| 0:01 | Create | Villager (Male) |
| 0:02 | Build | House |
| 0:04 | Build | House |
| 0:13 | Create | Villager (Male) |
| 0:13 | Create | Villager (Male) |
| 1:31 | Create | Villager (Male) |
| 1:31 | Create | Villager (Male) |
| 1:59 | Create | Villager (Male) |
| 1:59 | Create | Villager (Male) |
| 1:59 | Create | Villager (Male) |
| 2:28 | Create | Villager (Male) |
| 2:28 | Create | Villager (Male) |
| 2:29 | Create | Villager (Male) |
| 3:12 | Create | Villager (Male) |
| 3:26 | Build | House |
| 3:40 | Create | Villager (Male) |
| 3:41 | Create | Villager (Male) |
| 3:50 | Create | Villager (Male) |
| 3:57 | Build | Lumber Camp |
| 4:13 | Create | Villager (Male) |
| 4:13 | Create | Villager (Male) |
| 4:13 | Create | Villager (Male) |
| 4:46 | Build | House |
| 4:52 | Create | Villager (Male) |
| 5:05 | Create | Villager (Male) |
| 5:05 | Create | Villager (Male) |
| 5:24 | Create | Villager (Male) |
| 5:24 | Create | Villager (Male) |
| 5:24 | Create | Villager (Male) |
| 6:35 | Create | Villager (Male) |
| 6:45 | Build | Mill |
| 7:07 | Research | Loom |
| 7:25 | Research | Feudal Age |
| 8:17 | Build | Mining Camp |
| 8:56 | Build | House |
| 8:58 | Build | Palisade Gate |
| 9:34 | Create | Villager (Male) |
| 9:39 | Build | House |
| 9:42 | Age | Feudal Age |
| 9:46 | Build | Palisade Gate |
| 9:54 | Build | Palisade Wall |
| 9:57 | Build | Lumber Camp |
| 9:57 | Create | Villager (Male) |
| 10:05 | Build | Barracks |
| 10:10 | Create | Villager (Male) |
| 10:30 | Build | Gate |
| 10:34 | Build | Stone Wall |
| 10:47 | Build | Archery Range |
| 10:59 | Create | Villager (Male) |
| 11:01 | Research | Double-Bit Axe |
| 11:05 | Build | House |
| 11:23 | Create | Archer |
| 11:23 | Create | Archer |
| 11:28 | Create | Villager (Male) |
| 11:29 | Create | Villager (Male) |
| 11:40 | Create | Villager (Male) |
| 11:55 | Build | Farm |
| 11:57 | Build | Blacksmith |
| 12:01 | Build | House |
| 12:04 | Create | Villager (Male) |
| 12:04 | Create | Villager (Male) |
| 12:18 | Build | Farm |
| 12:40 | Create | Villager (Male) |
| 12:40 | Create | Villager (Male) |
| 12:55 | Create | Archer |
| 12:55 | Create | Archer |
| 12:55 | Create | Archer |
| 13:01 | Create | Villager (Male) |
| 13:01 | Create | Villager (Male) |
| 13:01 | Create | Villager (Male) |
| 13:05 | Build | Mining Camp |
| 13:14 | Build | Farm |
| 13:16 | Build | Farm |
| 13:18 | Build | Farm |
| 13:31 | Build | Outpost |
| 13:36 | Create | Villager (Male) |
| 13:36 | Create | Villager (Male) |
| 13:36 | Create | Villager (Male) |
| 13:52 | Build | Watch Tower |
| 13:57 | Build | Watch Tower |
| 14:00 | Build | House |
| 14:03 | Build | Farm |
| 14:05 | Create | Villager (Male) |
| 14:05 | Create | Villager (Male) |
| 14:17 | Create | Archer |
| 14:21 | Create | Villager (Male) |
| 14:30 | Build | Farm |
| 14:43 | Create | Villager (Male) |
| 14:54 | Create | Villager (Male) |
| 15:02 | Build | House |
| 15:04 | Create | Villager (Male) |
| 15:21 | Build | Mill |
| 15:26 | Build | Farm |
| 15:31 | Build | Outpost |
| 15:32 | Create | Villager (Male) |
| 15:46 | Create | Villager (Male) |
| 15:51 | Build | Watch Tower |
| 15:54 | Create | Archer |
| 16:10 | Build | Market |
| 16:41 | Build | House |
| 16:54 | Create | Villager (Male) |
| 17:32 | Research | Castle Age |
| 17:32 | Research | Castle Age |
| 17:49 | Build | Outpost |
| 17:52 | Research | Fletching |
| 17:53 | Research | Fletching |
| 17:53 | Research | Fletching |
| 19:11 | Research | Horse Collar |
| 19:11 | Research | Horse Collar |
| 19:27 | Create | Villager (Male) |
| 19:42 | Build | House |
| 20:00 | Create | Villager (Male) |
| 20:12 | Age | Castle Age |
| 20:21 | Research | Town Watch |
| 20:24 | Build | Monastery |
| 20:28 | Build | Monastery |
| 20:35 | Create | Villager (Male) |
| 20:36 | Research | Bow Saw |
| 20:36 | Research | Bow Saw |
| 20:36 | Research | Bow Saw |
| 20:53 | Create | Villager (Male) |
| 21:07 | Research | Sanctity |
| 21:08 | Research | Fervor |
| 21:08 | Create | Monk |
| 21:13 | Create | Villager (Male) |
| 21:34 | Create | Villager (Male) |
| 21:47 | Research | Bodkin Arrow |
| 21:56 | Build | Monastery |
| 22:02 | Create | Monk |
| 22:04 | Create | Villager (Male) |
| 22:20 | Build | House |
| 22:23 | Build | House |
| 22:28 | Create | Villager (Male) |
| 22:31 | Create | Monk |
| 22:43 | Create | Villager (Male) |
| 22:50 | Build | House |
| 22:51 | Build | House |
| 22:53 | Build | House |
| 22:58 | Create | Monk |
| 22:58 | Create | Monk |
| 22:58 | Create | Monk |
| 23:08 | Create | Villager (Male) |
| 23:08 | Create | Villager (Male) |
| 23:09 | Create | Villager (Male) |
| 23:09 | Create | Villager (Male) |
| 23:09 | Create | Villager (Male) |
| 23:20 | Build | Castle |
| 23:24 | Create | Villager (Male) |
Build order — Lorenz
First 150 of 488 actions detected
| 0:00 | Create | Villager (Male) |
| 0:00 | Create | Villager (Male) |
| 0:01 | Build | House |
| 0:02 | Build | House |
| 0:12 | Create | Villager (Male) |
| 0:18 | Create | Villager (Male) |
| 1:24 | Create | Villager (Male) |
| 1:50 | Build | Lumber Camp |
| 1:59 | Create | Villager (Male) |
| 2:13 | Create | Villager (Male) |
| 2:50 | Create | Villager (Male) |
| 3:08 | Create | Villager (Male) |
| 3:24 | Build | House |
| 3:34 | Create | Villager (Male) |
| 3:47 | Create | Villager (Male) |
| 4:19 | Create | Villager (Male) |
| 4:54 | Create | Villager (Male) |
| 4:54 | Create | Villager (Male) |
| 4:57 | Build | Barracks |
| 5:18 | Create | Villager (Male) |
| 5:33 | Create | Villager (Male) |
| 5:37 | Build | House |
| 5:52 | Create | Militia |
| 6:04 | Create | Militia |
| 6:05 | Create | Villager (Male) |
| 6:10 | Build | Mill |
| 6:22 | Build | House |
| 6:26 | Create | Militia |
| 6:43 | Create | Villager (Male) |
| 6:58 | Build | House |
| 7:06 | Create | Villager (Male) |
| 7:30 | Create | Villager (Male) |
| 7:32 | Build | Palisade Wall |
| 7:39 | Create | Villager (Male) |
| 8:10 | Build | Mining Camp |
| 8:16 | Create | Villager (Male) |
| 8:48 | Create | Villager (Male) |
| 9:16 | Research | Loom |
| 9:19 | Build | Lumber Camp |
| 9:33 | Build | Farm |
| 9:43 | Build | Farm |
| 9:48 | Research | Feudal Age |
| 9:48 | Research | Feudal Age |
| 10:09 | Build | Palisade Wall |
| 10:55 | Build | Farm |
| 10:56 | Build | Farm |
| 11:24 | Build | Farm |
| 11:39 | Build | House |
| 11:42 | Create | Villager (Male) |
| 11:58 | Age | Feudal Age |
| 12:01 | Research | Double-Bit Axe |
| 12:02 | Research | Horse Collar |
| 12:18 | Create | Villager (Male) |
| 12:34 | Create | Villager (Male) |
| 12:53 | Build | Farm |
| 13:02 | Create | Villager (Male) |
| 13:09 | Build | Farm |
| 13:22 | Build | Market |
| 13:23 | Create | Villager (Male) |
| 13:40 | Build | Farm |
| 13:58 | Create | Villager (Male) |
| 14:02 | Build | House |
| 14:20 | Create | Villager (Male) |
| 14:33 | Build | Farm |
| 14:39 | Build | Mining Camp |
| 14:40 | Create | Villager (Male) |
| 14:45 | Build | House |
| 14:46 | Build | House |
| 15:01 | Create | Villager (Male) |
| 15:32 | Build | Lumber Camp |
| 15:48 | Build | Blacksmith |
| 15:55 | Create | Villager (Male) |
| 16:26 | Research | Castle Age |
| 16:27 | Research | Castle Age |
| 16:51 | Build | House |
| 17:22 | Research | Stone Mining |
| 17:26 | Build | House |
| 17:44 | Build | House |
| 18:01 | Create | Villager (Male) |
| 18:12 | Build | Farm |
| 18:21 | Research | Town Watch |
| 18:58 | Build | House |
| 19:06 | Age | Castle Age |
| 19:10 | Build | Krepost |
| 19:26 | Research | Bow Saw |
| 19:26 | Create | Villager (Male) |
| 19:33 | Research | Fletching |
| 19:36 | Build | Farm |
| 19:38 | Build | Farm |
| 19:51 | Create | Villager (Male) |
| 20:03 | Research | Bodkin Arrow |
| 20:08 | Build | Farm |
| 20:10 | Build | Farm |
| 20:18 | Create | Villager (Male) |
| 20:19 | Create | Villager (Male) |
| 20:30 | Build | Town Center |
| 20:40 | Build | Farm |
| 20:46 | Create | Villager (Male) |
| 21:03 | Create | Villager (Male) |
| 21:07 | Build | Farm |
| 21:09 | Build | Farm |
| 21:23 | Build | Krepost |
| 21:36 | Create | Villager (Male) |
| 21:51 | Create | Villager (Male) |
| 21:56 | Create | Villager (Male) |
| 22:25 | Create | Villager (Male) |
| 22:25 | Create | Villager (Male) |
| 22:42 | Build | Lumber Camp |
| 22:43 | Create | Villager (Male) |
| 22:44 | Create | Villager (Male) |
| 22:51 | Build | Town Center |
| 22:56 | Build | Farm |
| 22:58 | Build | Farm |
| 23:02 | Build | Farm |
| 23:02 | Build | Farm |
| 23:04 | Build | Farm |
| 23:07 | Create | Villager (Male) |
| 23:09 | Build | Farm |
| 23:11 | Create | Villager (Male) |
| 23:23 | Build | Town Center |
| 23:26 | Create | Villager (Male) |
| 23:32 | Create | Villager (Male) |
| 23:44 | Create | Villager (Male) |
| 23:48 | Create | Villager (Male) |
| 23:56 | Build | Farm |
| 23:58 | Build | Farm |
| 24:00 | Create | Villager (Male) |
| 24:11 | Create | Villager (Male) |
| 24:15 | Create | Villager (Male) |
| 24:24 | Create | Villager (Male) |
| 24:30 | Create | Villager (Male) |
| 24:32 | Create | Villager (Male) |
| 24:42 | Create | Villager (Male) |
| 24:49 | Create | Villager (Male) |
| 24:52 | Build | Farm |
| 24:54 | Build | Farm |
| 24:57 | Create | Villager (Male) |
| 25:04 | Create | Villager (Male) |
| 25:08 | Create | Villager (Male) |
| 25:11 | Build | Farm |
| 25:15 | Create | Villager (Male) |
| 25:22 | Build | Farm |
| 25:22 | Create | Villager (Male) |
| 25:26 | Build | Farm |
| 25:29 | Create | Villager (Male) |
| 25:29 | Create | Villager (Male) |
| 25:29 | Create | Villager (Male) |
| 25:36 | Create | Villager (Male) |
| 25:48 | Build | Farm |
| 25:49 | Build | Farm |
Match timeline
| 4:57 | Lorenz · first_building Barracks |
| 7:32 | Lorenz · wall_segment Palisade Wall x8 |
| 9:42 | jekyll · age_up feudal |
| 9:54 | jekyll · wall_segment Palisade Wall x1 |
| 10:05 | jekyll · first_building Barracks |
| 10:09 | Lorenz · wall_segment Palisade Wall x17 |
| 10:34 | jekyll · wall_segment Stone Wall x1 |
| 10:47 | jekyll · first_building Archery Range |
| 11:58 | Lorenz · age_up feudal |
| 15:17 | Lorenz · first_market_buy 100 food |
| 17:18 | jekyll · first_market_sell 100 stone |
| 17:20 | jekyll · first_market_buy 100 food |
| 19:06 | Lorenz · age_up castle |
| 19:10 | Lorenz · first_building Krepost |
| 20:12 | jekyll · age_up castle |
| 20:24 | jekyll · first_building Monastery |
| 23:20 | jekyll · first_building Castle |
| 24:47 | jekyll · first_building Siege Workshop |
| 28:50 | Lorenz · first_market_sell 100 wood |
| 30:26 | Lorenz · first_building Stable |
| 30:49 | Lorenz · first_building Castle |
| 31:17 | Lorenz · first_building Monastery |
| 32:05 | Lorenz · age_up imperial |
| 34:21 | jekyll · age_up imperial |
| 46:32 | jekyll · resign |
[ AI ANALYSIS · 1 CREDIT ]
What really happened in this match?
Wolo.gg analyzes every decision: build order, eco, micro, common mistakes by bracket. Personalized analysis on WhatsApp or Discord in 30 seconds.
Civ guide
Bohemians
Perfil
Jugador #2687777